 Dungeon Crawl Stone Soup version 0.28.0-53-g5a82cb258f (webtiles) character file.

Game seed: 11793517383810468112

25 Bruhh the Digger (level 3, -1/31 HPs)
             Began as an Ogre Earth Elementalist on May 25, 2022.
             Succumbed to an adder's poison
             ... on level 1 of the Dungeon.
             The game lasted 00:01:21 (1147 turns).

Bruhh the Digger (Ogre Earth Elementalist)          Turns: 1147, Time: 00:01:22

Health: -1/31      AC:  3    Str: 12    XL:     3   Next: 4%
Magic:  6/7        EV:  9    Int: 18    God:
Gold:   52         SH:  0    Dex:  9    Spells: 7/8 levels left

rFire   . . .      SeeInvis .   k - +0 dagger
rCold   . . .      Faith    .   (no shield)
rNeg    . . .      Spirit   .   b - +0 robe
rPois   .          Reflect  .   (helmet restricted)
rElec   .          Harm     .   (no cloak)
rCorr   .          Rampage  .   (gloves unavailable)
Will    .....                   (boots unavailable)
Stlth   +.........              (no amulet)
HPRegen 0.10/turn               (no ring)
MPRegen 0.10/turn               (no ring)

@: brilliant, lethally poisoned (-1 -> -11)
A: large, unfitting armour, tough skin 1
a: no special abilities


You were on level 1 of the Dungeon.
You visited 1 branch of the dungeon, and saw 2 of its levels.

You collected 52 gold pieces.

Inventory:

Hand Weapons
 k - a +0 dagger (weapon)
Missiles
 c - 19 stones
Armour
 b - a +0 robe (worn)
Jewellery
 d - an amulet of reflection
Scrolls
 e - a scroll of identify {unknown}
 h - a scroll of enchant armour {unknown}
Potions
 a - a potion of brilliance
 f - a potion of might {unknown}
 g - a potion of berserk rage {unknown}
 i - a potion of invisibility {unknown}
 j - a potion of lignification {unknown}


   Skills:
 - Level 1.7 Dodging
 - Level 1.4 Stealth
 + Level 3.2 Spellcasting
 - Level 0.8 Transmutations
 + Level 3.2 Earth Magic


You had 7 spell levels left.
You knew the following spells:

 Your Spells              Type           Power      Damage    Failure   Level
a - Sandblast             Erth           44%        2d11      4%          1

Your spell library contained the following spells:

 Spells                   Type           Power      Damage    Failure   Level
 Passwall                 Tmut/Erth      12%        N/A       11%         2
 Stone Arrow              Conj/Erth      26%        3d8       24%         3
 Petrify                  Tmut/Erth      15%        N/A       56%         4


Dungeon Overview and Level Annotations

Branches:
Dungeon (2/15)

Altars:


Innate Abilities, Weirdness & Mutations

You are too large for most types of armour.
You have tough skin. (AC +1)


Message History

You closely miss the adder.
The adder is moderately wounded.
You feel sick. The giant cockroach misses you. The adder bites you.
You miss the adder.
The adder is moderately wounded.
You feel sick. The giant cockroach closely misses you.
The adder barely misses you.
The giant cockroach waves its antennae.
The giant cockroach bites you but does no damage.
You hit the adder but do no damage.
The adder is moderately wounded.
You feel sick. The adder closely misses you.
The giant cockroach completely misses you.
The adder bites you.
Casting: Sandblast (safe; 4% risk of failure)
Confirm with . or Enter, or press ? or * to list all spells.
Aiming: Sandblast (safe; 4% risk of failure)
Press: ? - help, Shift-Dir - straight line, f - adder
Aim: an adder (moderately wounded, 66% to hit)
The blast of sand misses the adder.
You feel sick. The giant cockroach bites you. The adder bites you.
You are more poisoned.
The adder poisons you!
You barely miss the adder.
The adder is moderately wounded.
You feel sick. The giant cockroach closely misses you. The adder bites you.
* * * LOW HITPOINT WARNING * * *
You are lethally poisoned!
The adder poisons you!
You hit the adder.
The adder is moderately wounded.
* * * LOW HITPOINT WARNING * * *
You feel very sick. The adder bites you.
* * * LOW HITPOINT WARNING * * *
The giant cockroach bites you but does no damage.
Unknown command.
It was a potion of brilliance.
You feel clever all of a sudden.
You die...

#)##............#.#
#.......†..####.#.# ####
####..#......##.#.# #...
#.#............# ###.##
#.##.#.......### #...#.
#............#########.#.#. #####
####.#...................#^ ..[.#
#.##.####..#####.####.#8 ###.#
#.##.##@S..# #..# #.#^ ###.#
##.##.##B#..# #..# ###. .##.#
#...#.##.#..# #..# #. .##.#
#...#.......#####..# ## ....#
#..................######
.########...#####......#.........
..###.......# #................
............# #..†....#####....
..###.......# #.......÷.#.'....


You could see an adder and a giant cockroach.

Vanquished Creatures
  A dart slug (D:1)
  2 bats (D:1)
  3 hobgoblins (D:1)
  2 jackals (D:1)
  A kobold (D:1)
  2 quokkas (D:1)
  A ball python (D:1)
  2 frilled lizards (D:1)
  10 rats (D:1)
24 creatures vanquished.

Notes
Turn   | Place    | Note
-------+----------+-------------------------------------------
     0 | D:1      | Bruhh the Ogre Earth Elementalist began the quest for the
                  | Orb.
     0 | D:1      | Reached XP level 1. HP: 16/16 MP: 3/3
   128 | D:1      | Reached XP level 2. HP: 24/24 MP: 3/5
   931 | D:1      | Reached XP level 3. HP: 21/31 MP: 2/7
  1146 | D:1      | HP: 1/31 [adder (3)]
  1147 | D:1      | Succumbed to an adder's poison

Illustrated notes

Levels and vault maps discovered:
D:1:      dpeg_arrival_tiny_h, layout_loops_cross,
          ebering_dispersal_statue_hall, minmay_misc_feat_tower,
          minmay_rat_gold_closets
D:2:      minmay_roachtagon, layout_loops_ring, serial_shops, shop,
          ebering_ecumenical_altar_mist, grunt_decor_one_mirror,
          chequers_serial_rivers_small_3

Skill      XL: |  1  2 |
---------------+-------+-----
Earth Magic    | 3 |  3.2
Spellcasting   | 3 |  3.2
Dodging        | |  1.7
Stealth        | |  1.4
Transmutations | |  0.8

Action                   || total
-------------------------++-------
Melee: Unarmed           ||     6
       Dagger            ||    13
 Cast: Sandblast         ||    30
  Use: Potion            ||     1
Armor: Robe              ||    12
Dodge: Dodged            ||    20
